 Dungeon Crawl Stone Soup version 0.24-a0-244-ga6a6ab7 (webtiles) character file.

Game seed: 17868002852946011731

29 Leeroy the Gusty (level 3, -3/20 HPs)
             Began as a Tengu Air Elementalist on Apr 10, 2019.
             Slain by an adder (4 damage)
             ... on level 2 of the Dungeon.
             The game lasted 00:05:09 (937 turns).

Leeroy the Gusty (Tengu Air Elementalist)            Turns: 937, Time: 00:05:10

Health: -3/20      AC:  2    Str:  9    XL:     3   Next: 16%
Magic:  7/7        EV: 15    Int: 15    God:
Gold:   51         SH:  0    Dex: 14    Spells: 5/6 levels left

rFire    . . .     SeeInvis .   i - +1 dagger (drain)
rCold    . . .     Gourm    .   (no shield)
rNeg     . . .     Faith    .   a - +0 robe
rPois    .         Spirit   .   (helmet restricted)
rElec    .         Reflect  .   (no cloak)
rCorr    .         Harm     .   (no gloves)
MR       .....                  (boots unavailable)
Stlth    ++........             (no amulet)
HPRegen  0.06/turn              (no ring)
MPRegen  0.10/turn              (no ring)

@: lethally poisoned (-3 -> -12), flying quickly and evasively, quick
A: beak, talons 3
a: no special abilities


You were on level 2 of the Dungeon.
You were not hungry.

You visited 1 branch of the dungeon, and saw 2 of its levels.

You collected 51 gold pieces.

Inventory:

Hand Weapons
 b - a +0 dagger
 f - a +0 whip
 i - a +1 dagger of draining (weapon)
Missiles
 l - 21 arrows
 n - 35 stones (quivered)
Armour
 a - a +0 robe (worn)
 e - a +0 chain mail
Scrolls
 d - a scroll of teleportation {unknown}
 g - 2 scrolls of enchant weapon {unknown}
 h - a scroll of remove curse {unknown}
 k - 4 scrolls of identify {unknown}
 o - a scroll of fear {unknown}
Comestibles
 c - 4 rations


   Skills:
 * Level 1.1 Fighting
 - Level 2.2 Dodging
 - Level 2.0 Stealth
 - Level 2.0 Spellcasting
 - Level 1.3 Conjurations
 + Level 5.2 Air Magic


You had 5 spell levels left.
You knew the following spells:

 Your Spells              Type           Power        Failure   Level  Hunger
a - Shock                 Conj/Air       ##..         6%          1    #......

Your spell library contained the following spells:

 Spells                   Type           Power        Failure   Level  Hunger
 Swiftness                Chrm/Air       #.......     12%         2    ###....
 Static Discharge         Conj/Air       ##......     17%         3    ###....
 Airstrike                Air            ###.......   26%         4    #####..
 Lightning Bolt           Conj/Air       ##........   85%         5    ######.


Dungeon Overview and Level Annotations

Branches:
Dungeon (2/15)

Altars:
Elyvilon
Ru
Xom


Innate Abilities, Weirdness & Mutations

You have a beak for a mouth.
You have claws for feet.


Message History

You feel sick. The adder bites you. x2
The adder bites you. x2
* * * LOW HITPOINT WARNING * * *
You are more poisoned.
The adder poisons you! The adder closely misses you.
There is a lethal amount of poison in your body!
Sorry, you're not good enough to have a special ability.
You drop a fizzy purple potion.
* * * LOW HITPOINT WARNING * * *
You feel sick. The adder barely misses you. The adder misses you.
Drop what? 14/52 slots (_ for help) (? for menu, Esc to quit)
Okay, then.
It was a potion of flight.
You feel very buoyant.
You swoop lightly up into the air.
The adder barely misses you. The adder completely misses you.
* * * LOW HITPOINT WARNING * * *
You feel sick. The adder misses you. The adder bites you.
You die...

...#.. ..# ###.##.....
##.#.###.# #......###.
#......#.# #.#........
#......#.# #.##.#.#..#
#._8_.##.####....#....)
####..............#.......
........!S#.######.........
#####..#..#.#####.......[.#
#..#.S@........#.#.<.##
....####.#####..........
#..>. ....#......#.#..#
###.# ..#.#..#.###.#... #.
....#..#.......## ##
##.#...##### ###.### ## #.#
.. #.. .#


You could see 2 adders.

Vanquished Creatures
  A worm (D:2)
  2 dart slugs (D:1)
  A ball python (D:1)
  2 giant cockroaches (D:1)
  A goblin (D:1)
  4 hobgoblins
  2 bats (D:1)
  3 frilled lizards (D:1)
  A kobold (D:2)
  6 rats
23 creatures vanquished.

Notes
Turn   | Place    | Note
-------+----------+-------------------------------------------
     0 | D:1      | Leeroy the Tengu Air Elementalist began the quest for the
                  | Orb.
     0 | D:1      | Reached XP level 1. HP: 10/10 MP: 4/4
   139 | D:1      | Reached XP level 2. HP: 8/16 MP: 4/6
   465 | D:1      | Reached skill level 5 in Air Magic
   748 | D:2      | Reached XP level 3. HP: 20/20 MP: 4/7
   768 | D:2      | Reached skill level 1 in Fighting
   838 | D:2      | Found a faded altar of an unknown god.
   851 | D:2      | Became a worshipper of Ru the Awakened
   853 | D:2      | Fell from the grace of Ru
   922 | D:2      | Found a white marble altar of Elyvilon.
   924 | D:2      | Found a shimmering altar of Xom.
   936 | D:2      | HP: 1/20 [poisoned by an adder]
   937 | D:2      | Slain by an adder

Levels and vault maps discovered:
D:1:      scummos_arrival_star, layout_basic
D:2:      layout_basic, marbit_many_paths,
          chequers_temple_overflow_statue_of_worship,
          chequers_ecumenical_altar_simple_redux, uniq_crazy_yiuf_cottage

Skill      XL: |  1  2  3 |
---------------+----------+-----
Air Magic      | 5 |  5.2
Fighting       | 1 |  1.1
Dodging        | |  2.2
Stealth        | |  2.0
Spellcasting   | |  2.0
Conjurations   | |  1.3

Action                   || total
-------------------------++-------
Melee: Whip              ||     9
       Unarmed           ||     6
       Kick              ||    10
       Peck              ||     5
       Dagger            ||    22
 Cast: Shock             ||    25
Invok: Renounce Religion ||     1
  Use: Potion            ||     1
 Stab: Sleeping          ||     1
  Eat: Chunk             ||     1
Armor: Robe              ||     8
Dodge: Dodged            ||    29

Table legend:
 A = Non-vault XP
 B = Vault XP
 C = Vault XP percentage of total XP
 D = Non-vault monster count
 E = Vault monster count
 F = Vault count percentage of total count
                 A         B        C        D         E       F
            +---------+---------+-------+---------+---------+-------
      Total |      42 |       0 |   0.0 |      23 |       0 |   0.0
            +---------+---------+-------+---------+---------+-------
        D:1 |      32 |       0 |   0.0 |      18 |       0 |   0.0
        D:2 |      10 |       0 |   0.0 |       5 |       0 |   0.0
            +---------+---------+-------+---------+---------+-------
